 Dungeon Sprint DCSS version 0.30.1-4-g462c640d31 (webtiles) character file.

Game seed: 10339587568792087598

12183 Heoruswealwe the Evocator (level 11, -18/43 HPs)
             Began as a Spriggan Artificer on Aug 26, 2023.
             Was the Champion of Sif Muna.
             Demolished by a lorocyproca (34 damage)
             ... in the Dungeon (Sprint I: "Red Sonja").
             The game lasted 00:36:57 (1435 turns).

Heoruswealwe the Evocator (Spriggan Artificer)      Turns: 1435, Time: 00:36:58

Health: -18/43     AC:  4    Str:  8    XL:     11   Next: 59%
Magic:  1/19       EV: 27    Int: 17    God:    Sif Muna [******]
Gold:   163        SH:  0    Dex: 14    Spells: 2/19 levels left

rFire   . . .        a - +0 rapier
rCold   . . .        (no shield)
rNeg    . . .        c - +0 troll leather armour
rPois   .            (helmet restricted)
rElec   .            (no cloak)
rCorr   .            (gloves unavailable)
SInv    +            (boots unavailable)
Will    +....        (no amulet)
Stlth   ++++++++     (no ring)
HPRegen 1.07/turn    (no ring)
MPRegen 0.16/turn

%: no teleportation
@: studying 2 skills, unable to read, very quick
A: very small, no large weapons, unfitting armour, see invisible, speed 3,
clumsy 1, frail 1, inability to read after injury 1
a: Renounce Religion, Channel Magic, Forget Spell, Divine Exegesis


You were in the Dungeon.
You worshipped Sif Muna.
Sif Muna was exalted by your worship.
You visited 1 branch You collected 1429 gold pieces.
You spent 1266 gold pieces at shops.

Inventory:

Hand Weapons
 a - a +0 rapier (weapon)
Armour
 c - a +0 troll leather armour (worn)
Wands
 l - a wand of mindburst (3)
Scrolls
 e - a scroll of enchant armour
 k - a scroll of blinking
 m - a scroll of amnesia
 o - a scroll of magic mapping {unknown}
 r - a scroll of enchant weapon {unknown}
 t - a scroll of immolation {unknown}
Potions
 b - a potion of flight {unknown}
 h - a potion of haste
 i - 2 potions of magic
 j - a potion of berserk rage
 s - a potion of mutation {unknown}
 u - a potion of might {unknown}
Miscellaneous
 n - a phantom mirror (inert)


   Skills:
 - Level 0.7 Fighting
 + Level 18.9 Dodging
 + Level 22.5 Stealth
 + Level 4.7 Spellcasting
 + Level 7.5 Transmutations
 + Level 25.1 Evocations


You had 2 spell levels left.
You knew the following spells:

 Your Spells              Type           Power      Damage    Failure   Level
a - Beastly Appendage     Tmut           58%        N/A       1%          1
b - Sting                 Tmut/Pois      64%        1d6       4%          1
c - Spider Form           Tmut/Pois      16%        N/A       14%         3
d - Yara's Violent Unrav  Hex/Tmut       8%         3d5       77%         5
e - Storm Form            Tmut/Air       8%         N/A       100%        7

Your spell library contained the following spells:

 Spells                   Type           Power      Damage    Failure   Level
 Wereblood                Tmut           29%        N/A       1%          2
 Sandblast                Erth           8%         2d5       22%         1
 Shock                    Conj/Air       16%        1d4       22%         1
 Slow                     Hex            16%        N/A       22%         1
 Ensorcelled Hibernation  Hex/Ice        8%         N/A       32%         2
 Confusing Touch          Hex            4%         N/A       54%         3
 Inner Flame              Hex/Fire       4%         N/A       54%         3
 Portal Projectile        Hex/Tloc       8%         N/A       54%         3
 Teleport Other           Tloc           4%         N/A       54%         3
 Tukima's Dance           Hex            4%         N/A       54%         3
 Animate Dead             Necr           4%         N/A       91%         4
 Fulminant Prism          Conj/Hex       2%         3d5       91%         4
 Summon Lightning Spire   Summ/Air       4%         N/A       91%         4
 Arcjolt                  Conj/Air       2%         1d12      99%         5
 Borgnjor's Vile Clutch   Necr/Erth      2%         N/A       99%         5
 Lee's Rapid Deconstruct  Erth           2%         3d4*      99%         5
 Silence                  Hex/Air        2%         N/A       99%         5
 Haunt                    Necr/Summ      2%         N/A       100%        7
 Infestation              Necr           2%         N/A       100%        8


Dungeon Overview and Level Annotations

Branches:
Dungeon (1/1)

Altars:
Cheibriados
Dithmenos
Elyvilon
Fedhas
Gozag
Hepliaklqana
Kikubaaqudgha
Makhleb
Nemelex Xobeh
Okawaru
Qazlal
Ru
Sif Muna
Trog
Uskayaw
Vehumet
Wu Jian
Xom
Yredelemnul
Zin
The Shining One
Jiyva
Lugonu

Shops:
D [(==([?*(*=[=(*((([[?


Innate Abilities, Weirdness & Mutations

You are very small and have problems with some larger weapons.
You are too small for most types of armour.
You have supernaturally acute eyesight. (SInv)
You cover ground extremely quickly. (Speed+++)
You are clumsy. (Dex -2)
You are frail. (-10% HP)
You occasionally lose the ability to read scrolls when taking damage.


Message History

Aim: a lorocyproca (noxious fumes, slightly transparent, chance to affect: 4%)
The lorocyproca resists with almost no effort.
The now-empty wand crumbles to dust.
You are engulfed in noxious fumes.
You choke on the stench!
You are confused.
The lorocyproca completely misses you. The lorocyproca completely misses you.
You bump into the closed door.
The lorocyproca hits you!
You feel your power leaking away.
You are engulfed in noxious fumes.
You choke on the stench!
You are more confused.
The lorocyproca misses you.
You bump into the stone wall.
The lorocyproca hits you!
You feel threatened and lose the ability to read scrolls!
* * * LOW HITPOINT WARNING * * *
You are too confused!
You feel less confused. The lorocyproca closely misses you.
Aiming: Phantom Mirror
Press: ? - help, Dir - move target, f/p - lorocyproca
Aim: a lorocyproca (slightly transparent)
You reflect the lorocyproca with the mirror!
The mirror clouds!
The lorocyproca misses you.
Your lorocyproca misses the lorocyproca.
What are your orders? t - Shout!
Orders for allies: a - Attack new target. p - Attack previous target. r - Retreat! s - Stop attacking. g - Guard the area. f - Follow me.
Anything else - Cancel.
Gang up on whom?
Press: ? - help, Dir - move target, f/p - lorocyproca
Aim: a lorocyproca (slightly transparent, ally target) Attack!
The lorocyproca completely misses you.
Your lorocyproca hits the lorocyproca.
You hit the lorocyproca but do no damage.
The lorocyproca is lightly wounded.
The lorocyproca hits you!!
Ouch! That really hurt!
You die...

################################
#..'..#__#..'..)#).#§§§§§§.§§§.+
').#..'..'..#...##'#.####§§§..##
#####'#__####)..'..#§# ##§§§##
#...#(####.[#####..+§# #$###+#
#..##.#§~§.§#..##+####..$#y#
##'#_.+§§§§§+.†#@.2°○#..$###
.'..._#§~§§§#..#.2.○☼☼..$$$#
##_.#'##+#####'###○°°#.....#
###'#.#.[..###.+.#°°°# #++##
###.####'###(###.#○.##
.'.).'.....')∩##.#..#
##)..###########.##+#
###.###.......##†##.#
#.#'#.#........+.####


You could see a lorocyproca (invisible, ally target) and a friendly lorocyproca
(summoned, invisible, drained).

Vanquished Creatures
  2 centaur warriors (D)
  Sonja (D)
  A deep troll (D)
  A lindwurm (D)
  3 shining eyes (D)
  A demonic crawler (D)
  A gargoyle (D)
  2 kobold demonologists (D)
  A slime creature (D)
  Sigmund (D)
  A yak (D)
  13 hogs (D)
  2 floating eyes (D)
  An ogre (D)
  A necrophage (D)
  A jelly (D)
  Ijyb (D)
34 creatures vanquished.

Vanquished Creatures (collateral kills)
  An oklob plant (D)
  5 shining eyes (D)
  A demonic crawler (D)
  2 unseen horrors (D)
  A hornet (D)
  2 redbacks (D)
  4 floating eyes (D)
  6 necrophages (D)
  7 jellies (D)
29 creatures vanquished.

Vanquished Creatures (others)
  2 demonic crawlers (D)
  2 ballistomycete spores (D)
4 creatures vanquished.

Grand Total: 67 creatures vanquished

Notes
Turn   | Place    | Note
-------+----------+-------------------------------------------
     0 | D        | Heoruswealwe the Spriggan Artificer began the quest for the
                  | Orb.
     0 | D        | Reached XP level 1. HP: 9/9 MP: 2/2
     1 | D        | Noticed Ijyb
     3 | D        | Killed Ijyb
     4 | D        | Reached skill level 6 in Evocations
     4 | D        | Reached XP level 2. HP: 14/14 MP: 3/3
    11 | D        | Noticed an ogre
    19 | D        | Killed an ogre
    20 | D        | Reached skill level 9 in Evocations
    20 | D        | Reached XP level 3. HP: 17/17 MP: 4/4
    20 | D        | Reached XP level 4. HP: 21/21 MP: 5/5
    34 | D        | Noticed Sigmund
    36 | D        | Killed Sigmund
    37 | D        | Reached skill level 12 in Evocations
    37 | D        | Reached XP level 5. HP: 25/25 MP: 6/6
    50 | D        | Found an ornate altar of the Wu Jian Council.
    50 | D        | Found a shimmering blue altar of Sif Muna.
    55 | D        | Reached skill level 10 in Stealth
    55 | D        | Reached XP level 6. HP: 29/29 MP: 7/7
    55 | D        | Found a radiant altar of Vehumet.
    72 | D        | Became a worshipper of Sif Muna the Loreminder
    88 | D        | Found Ummejo's Jewellery Emporium.
    88 | D        | Found an ancient bone altar of Kikubaaqudgha.
    88 | D        | Found a hazy altar of Hepliaklqana.
    88 | D        | Found a stormy altar of Qazlal.
    88 | D        | Found a hide-covered altar of Uskayaw.
    88 | D        | Found a blossoming altar of Fedhas.
    88 | D        | Found a bloodstained altar of Trog.
    88 | D        | Found an iron altar of Okawaru.
    88 | D        | Found a basalt altar of Yredelemnul.
    88 | D        | Found a glowing golden altar of the Shining One.
    88 | D        | Found a snail-covered altar of Cheibriados.
    88 | D        | Found a sacrificial altar of Ru.
    88 | D        | Found a glowing silver altar of Zin.
    88 | D        | Found a shadowy altar of Dithmenos.
    88 | D        | Found a white marble altar of Elyvilon.
    88 | D        | Noticed a yak
    89 | D        | Killed a yak
    90 | D        | Reached skill level 13 in Evocations
    90 | D        | Found an opulent altar of Gozag.
    91 | D        | Found a sparkling altar of Nemelex Xobeh.
   102 | D        | Noticed Sonja
   104 | D        | Killed Sonja
   105 | D        | Reached skill level 16 in Evocations
   105 | D        | Reached XP level 7. HP: 32/32 MP: 8/8
   221 | D        | Found Kuczamor's Antique Armour Boutique.
   245 | D        | Noticed a centaur warrior
   251 | D        | Noticed a centaur warrior
   253 | D        | Killed a centaur warrior
   253 | D        | Reached * piety under Sif Muna
   254 | D        | Reached skill level 17 in Evocations
   254 | D        | Reached XP level 8. HP: 22/37 MP: 9/9
   307 | D        | Killed a centaur warrior
   308 | D        | Reached skill level 15 in Stealth
   308 | D        | Reached skill level 18 in Evocations
   308 | D        | Reached XP level 9. HP: 38/40 MP: 10/10
   312 | D        | Noticed a deep troll
   332 | D        | Noticed a shining eye
   332 | D        | Noticed a shining eye
   332 | D        | Noticed a shining eye
   339 | D        | Reached ** piety under Sif Muna
   340 | D        | Reached skill level 19 in Evocations
   342 | D        | Killed a shining eye
   344 | D        | Killed a shining eye
   345 | D        | Reached skill level 20 in Evocations
   353 | D        | Gained mutation: You occasionally lose the ability to read
                  | scrolls when taking damage. [a shining eye]
   360 | D        | Noticed a shining eye
   363 | D        | Paralysed by a floating eye for 2 turns
   367 | D        | Gained mutation: You are frail. (-10% HP) [a shining eye]
   370 | D        | Killed a shining eye
   370 | D        | Reached *** piety under Sif Muna
   371 | D        | Reached skill level 15 in Dodging
   374 | D        | Noticed a shining eye
   377 | D        | Killed a shining eye
   378 | D        | Reached skill level 21 in Evocations
   378 | D        | Reached XP level 10. HP: 39/39 MP: 11/11
   380 | D        | Killed a shining eye
   391 | D        | Killed a shining eye
   391 | D        | Reached **** piety under Sif Muna
   391 | D        | Noticed a shining eye
   394 | D        | Killed a shining eye
   395 | D        | Reached skill level 22 in Evocations
   400 | D        | Noticed a shining eye
   406 | D        | Gained mutation: You are clumsy. (Dex -2) [a shining eye]
   412 | D        | Killed a shining eye
   430 | D        | Found Diapnut's Armour Emporium.
   447 | D        | Killed a deep troll
   447 | D        | Reached ***** piety under Sif Muna
   517 | D        | Found Xurot's Weapon Shop.
   517 | D        | Found Deal's Weapon Shoppe.
   517 | D        | Found Uvvaosk's Armour Boutique.
   517 | D        | Found Temyset's Jewellery Emporium.
   560 | D        | Found a burning altar of Makhleb.
   560 | D        | Found a viscous altar of Jiyva.
   560 | D        | Found a shimmering altar of Xom.
   560 | D        | Found a corrupted altar of Lugonu.
   578 | D        | Received a gift from Sif Muna
   579 | D        | Reached skill level 23 in Evocations
   579 | D        | Got Sif Muna's Exposition on Aerial Topology {god gift}
   587 | D        | Noticed a demonic crawler
   587 | D        | Noticed a demonic crawler
   587 | D        | Noticed a demonic crawler
   587 | D        | Noticed a demonic crawler
   597 | D        | Killed a demonic crawler
   661 | D        | Noticed an oklob plant
   666 | D        | Killed an oklob plant
   667 | D        | Reached XP level 11. HP: 33/43 MP: 12/12
   708 | D        | Reached skill level 24 in Evocations
   709 | D        | Received a gift from Sif Muna
   710 | D        | Got Sif Muna's Anthology of Shifting Ceraunoscopy {god
                  | gift}
   736 | D        | Reached ****** piety under Sif Muna
   737 | D        | Received a gift from Sif Muna
   753 | D        | Got Sif Muna's Anthology of the Sphinx {god gift}
   790 | D        | Found Netuu's Antique Weapon Boutique.
   790 | D        | Found Kaantyo's Magic Scroll Emporium.
   790 | D        | Found Pagoethe's Antique Armour Emporium.
   798 | D        | Found Innebbin's General Store.
   798 | D        | Found Cimoxaagg's Magic Scroll Shop.
   798 | D        | Found Tocaton's Weapon Boutique.
   807 | D        | Found Darao's Weapon Boutique.
   807 | D        | Found Unaiq's Weapon Shoppe.
   807 | D        | Found Wodgh's Assorted Antiques.
   807 | D        | Found Malan's Antique Weapon Emporium.
   807 | D        | Found Meabor's Jewellery Boutique.
   807 | D        | Found Uluriqox's Armour Shoppe.
   807 | D        | Found Kischu Guat's Jewellery Shop.
   811 | D        | Found Fierchag's Assorted Antiques.
   814 | D        | Bought a scroll labelled HAWOUM ZEUXKEGG for 18 gold pieces
   814 | D        | Bought a scroll labelled ERHYMOET RAZI for 18 gold pieces
   819 | D        | Bought a metallic blue potion for 21 gold pieces
   819 | D        | Bought a scroll labelled RIUCIF DASETT for 24 gold pieces
   819 | D        | Bought a ruby potion for 21 gold pieces
   821 | D        | Bought a scroll of identify for 20 gold pieces
   822 | D        | Bought 2 scrolls of acquirement for 1144 gold pieces
   829 | D        | Acquired a manual of Stealth
   831 | D        | Acquired a manual of Transmutations
   857 | D        | Learned a level 1 spell: Beastly Appendage
   859 | D        | Learned a level 1 spell: Sting
   863 | D        | Learned a level 3 spell: Spider Form
   869 | D        | Learned a level 5 spell: Yara's Violent Unravelling
   925 | D        | Noticed a lindwurm
   932 | D        | Killed a lindwurm
   933 | D        | Reached skill level 1 in Spellcasting
  1049 | D        | Reached skill level 5 in Transmutations
  1087 | D        | Received a gift from Sif Muna
  1095 | D        | Reached skill level 25 in Evocations
  1287 | D        | Learned a level 7 spell: Storm Form
  1316 | D        | Got Sif Muna's Guidebook on Transformed Spelunking {god
                  | gift}
  1403 | D        | Noticed a lorocyproca
  1435 | D        | Demolished by a lorocyproca

Illustrated notes

Levels and vault maps discovered:
D:        dungeon_sprint_1 [red_sonja_temple_1, red_sonja_temple_small_1]

Skill      XL: |  1  2  3  4  5  6  7  8  9 10 11 |
---------------+----------------------------------+-----
Dodging        | 4 6 8 11 12 13 15 17 18 | 18.9
Stealth        | 4 7 9 10 13 14 15 17 20 22 | 22.5
Evocations     | 6 9 12 16 17 18 21 23 25 | 25.1
Spellcasting   | 4 |  4.7
Transmutations | 7 |  7.5
Fighting       | |  0.7

Action                     |  1- 3 |  4- 6 |  7- 9 | 10-12 || total
---------------------------+-------+-------+-------+-------++-------
  Melee: Dagger            |       |       |     1 |       ||     1
         Rapier            |       |       |     3 |   223 ||   226
         Punch             |       |       |       |     5 ||     5
  Evoke: Wand              |     5 |     7 |    18 |    37 ||    67
         Phantom mirror    |       |       |       |     1 ||     1
    Use: Potion            |       |       |       |     6 ||     6
         Scroll            |       |       |       |     4 ||     4
   Stab: Distracted        |       |       |       |     1 ||     1
 Armour: Troll leather arm |       |       |       |    15 ||    15
  Dodge: Dodged            |       |       |     1 |   327 ||   328
